General information
- name: BNet
- type: Ladder team game (AT/RT)
- host: Battle.net
- saver: Skullfvcker
map: Deadlock
- players: 8
- length: 43:33
- speed: Fast
- version: 1.26 W3XP
- replay type: Public
» download(285 KB)
Players
team 1 (loser)
AholeKiller (
teal | 32 APM | 1376 actions | 42:50)
4 Archmage
2 Summon Water Elemental
2 Brilliance Aura
» actions
| Basic commands | 648 | |
| Build / train | 108 | |
| ESC pressed | 9 | |
| Enter build submenu | 30 | |
| Enter hero's abilities submenu | 4 | |
| Remove unit from queue | 5 | |
| Right click | 5 | |
| Select / deselect | 493 | |
| Use ability | 74 | |
1376 total
» units
| Peasant | 28 | |
| Footman | 11 | |
| Mortar Team | 4 | |
| Sorceress | 5 | |
| Flying Machine | 19 | |
| Priest | 4 | |
71 total
» upgrades
| Defend | 1 | |
| Plating | 2 | |
| Gunpowder | 3 | |
| Masonry | 1 | |
| Armor | 3 | |
| Sorceress Training | 2 | |
| Flak Cannons | 1 | |
| Fragmentation Shards | 1 | |
14 total
» buildings
| Altar of Kings | 1 | |
| Farm | 13 | |
| Barracks | 1 | |
| Town Hall | 1 | |
| Scout Tower | 5 | |
| Arcane Tower | 2 | |
| Keep | 1 | |
| Lumber Mill | 1 | |
| Blacksmith | 1 | |
| Arcane Sanctum | 1 | |
| Workshop | 2 | |
| Castle | 1 | |
| Guard Tower | 3 | |
| Arcane Vault | 1 | |
34 total
» build order
00:39 Altar of Kings
00:53 Farm
01:08 Barracks
01:25 Farm
01:31 Farm
01:56 Farm
02:00 Farm
03:52 Town Hall
04:34 Scout Tower
05:15 Arcane Tower
05:27 Keep
06:00 Lumber Mill
06:04 Blacksmith
06:25 Farm
07:00 Scout Tower
07:48 Scout Tower
08:06 Arcane Sanctum
08:17 Workshop
08:21 Workshop
08:23 Castle
09:18 Guard Tower
09:20 Scout Tower
09:50 Farm
09:51 Arcane Tower
11:24 Farm
11:25 Farm
11:27 Farm
12:27 Arcane Vault
12:37 Farm
12:56 Guard Tower
12:57 Farm
13:43 Scout Tower
14:29 Guard Tower
14:35 Farm
» items
| Scroll of Regeneration | 1 | |
| Potion of Healing | 1 | |
| Periapt of Vitality | 1 | |
| Circlet of Nobility | 1 | |
| Scroll of Town Portal | 2 | |
6 total
BILLOFRIGHTS. (
pink | 64 APM | 2723 actions | 42:50)
5 Blademaster
2 Critical Strike
3 Wind Walk
4 Shadow Hunter
2 Hex
2 Healing Wave
» actions
| Assign group hotkey | 36 | |
| Basic commands | 236 | |
| Build / train | 63 | |
| Enter build submenu | 19 | |
| Enter hero's abilities submenu | 10 | |
| Give item / drop item | 2 | |
| Remove unit from queue | 1 | |
| Right click | 1097 | |
| Select / deselect | 305 | |
| Select group hotkey | 865 | |
| Use ability | 89 | |
2723 total
» units
| Peon | 14 | |
| Grunt | 3 | |
| Wind Rider | 11 | |
| Raider | 2 | |
30 total
» upgrades
| Reinforced Defenses | 1 | |
| Ranged Weapons | 2 | |
| Armor | 1 | |
| Envenomed Spears | 1 | |
5 total
» buildings
| Altar of Storms | 1 | |
| Orc Burrow | 7 | |
| Barracks | 1 | |
| Stronghold | 2 | |
| Great Hall | 3 | |
| Voodoo Lounge | 1 | |
| War Mill | 1 | |
| Beastiary | 3 | |
| Fortress | 2 | |
| Watch Tower | 6 | |
27 total
» build order
00:12 Altar of Storms
00:23 Orc Burrow
00:38 Barracks
01:27 Orc Burrow
03:27 Stronghold
03:36 Great Hall
03:59 Voodoo Lounge
04:17 War Mill
04:41 Orc Burrow
05:30 Orc Burrow
05:56 Beastiary
06:01 Beastiary
06:39 Fortress
07:41 Beastiary
11:05 Orc Burrow
11:06 Orc Burrow
13:13 Great Hall
13:16 Watch Tower
13:16 Watch Tower
13:18 Watch Tower
14:27 Watch Tower
14:27 Watch Tower
14:28 Watch Tower
31:16 Great Hall
» items
| Healing Salve | 2 | |
| Staff of Teleportation | 2 | |
| Scroll of Town Portal | 5 | |
| Potion of Mana | 2 | |
11 total
SlaveTrader (
blue | 45 APM | 1943 actions | 42:50)
9 Blademaster
3 Wind Walk
3 Critical Strike
1 Bladestorm
2 Mirror Image
» actions
| Assign group hotkey | 29 | |
| Basic commands | 250 | |
| Build / train | 81 | |
| Enter build submenu | 47 | |
| Enter hero's abilities submenu | 10 | |
| Give item / drop item | 5 | |
| Right click | 910 | |
| Select / deselect | 322 | |
| Select group hotkey | 167 | |
| Use ability | 122 | |
1943 total
» units
| Peon | 18 | |
| Grunt | 5 | |
| Troll Batrider | 6 | |
| Wind Rider | 13 | |
42 total
» upgrades
| Reinforced Defenses | 1 | |
| Ranged Weapons | 3 | |
| Armor | 4 | |
| Troll Regeneration | 1 | |
| Liquid Fire | 1 | |
| Envenomed Spears | 1 | |
11 total
» buildings
| Orc Burrow | 6 | |
| Altar of Storms | 1 | |
| Barracks | 1 | |
| Voodoo Lounge | 1 | |
| War Mill | 4 | |
| Stronghold | 1 | |
| Great Hall | 2 | |
| Watch Tower | 26 | |
| Fortress | 1 | |
| Beastiary | 5 | |
48 total
» build order
00:12 Orc Burrow
00:50 Altar of Storms
00:52 Barracks
01:05 Orc Burrow
01:55 Voodoo Lounge
03:14 War Mill
04:09 Stronghold
04:23 Orc Burrow
05:57 Great Hall
06:09 Watch Tower
06:09 Watch Tower
06:13 Watch Tower
06:14 Watch Tower
06:29 Watch Tower
06:29 Watch Tower
06:30 Watch Tower
07:46 Fortress
09:27 Watch Tower
09:28 Watch Tower
09:28 Watch Tower
09:29 Watch Tower
11:57 War Mill
12:05 Watch Tower
12:06 Watch Tower
12:07 Watch Tower
12:07 Watch Tower
12:09 Watch Tower
12:09 Watch Tower
12:12 Watch Tower
13:09 Beastiary
13:36 Beastiary
14:48 Beastiary
17:17 Beastiary
17:26 Beastiary
18:47 Great Hall
18:51 Watch Tower
18:52 Watch Tower
18:53 Watch Tower
18:53 Watch Tower
19:16 Watch Tower
19:17 Watch Tower
19:19 Watch Tower
19:21 Watch Tower
19:42 Orc Burrow
19:43 Orc Burrow
19:44 Orc Burrow
20:41 War Mill
20:49 War Mill
» items
| Healing Salve | 6 | |
| Boots of Speed | 1 | |
| Periapt of Vitality | 1 | |
| Staff of Teleportation | 1 | |
| Lesser Clarity Potion | 1 | |
| Potion of Mana | 1 | |
| Scroll of Town Portal | 3 | |
| Orb of Lightning | 1 | |
| Scroll of Regeneration | 1 | |
16 total

»
whatabighead (
red | 96 APM | 3770 actions | 39:22)
5 Mountain King
3 Storm Bolt
2 Bash
4 Paladin
2 Holy Light
2 Devotion Aura
» actions
| Assign group hotkey | 46 | |
| Basic commands | 54 | |
| Build / train | 88 | |
| Enter build submenu | 29 | |
| Enter hero's abilities submenu | 11 | |
| Give item / drop item | 2 | |
| Right click | 1402 | |
| Select / deselect | 432 | |
| Select group hotkey | 1620 | |
| Use ability | 86 | |
3770 total
» units
| Peasant | 16 | |
| Footman | 4 | |
| Gryphon Rider | 5 | |
| Dragonhawk Rider | 12 | |
37 total
» upgrades
| Lumber Harvesting | 2 | |
| Masonry | 2 | |
| Swords | 3 | |
| Armor | 3 | |
| Storm Hammers | 1 | |
| Cloud | 1 | |
12 total
» buildings
| Altar of Kings | 1 | |
| Farm | 13 | |
| Barracks | 2 | |
| Keep | 1 | |
| Lumber Mill | 1 | |
| Town Hall | 3 | |
| Scout Tower | 2 | |
| Arcane Vault | 1 | |
| Guard Tower | 2 | |
| Castle | 1 | |
| Blacksmith | 1 | |
| Gryphon Aviary | 3 | |
31 total
» build order
00:12 Altar of Kings
00:20 Farm
00:56 Farm
01:05 Barracks
01:19 Barracks
01:32 Farm
03:05 Keep
03:19 Lumber Mill
04:11 Town Hall
04:16 Scout Tower
04:18 Scout Tower
04:23 Arcane Vault
04:46 Guard Tower
04:49 Guard Tower
05:35 Castle
06:02 Farm
06:23 Blacksmith
06:45 Farm
07:28 Farm
07:39 Gryphon Aviary
07:42 Gryphon Aviary
07:45 Gryphon Aviary
08:11 Farm
08:55 Farm
09:13 Farm
09:34 Farm
10:05 Farm
10:15 Farm
14:26 Town Hall
18:12 Farm
20:41 Town Hall
» items
| Scroll of Regeneration | 5 | |
| Potion of Mana | 2 | |
| Potion of Healing | 2 | |
| Boots of Speed | 2 | |
| Potion of Lesser Invulnerability | 4 | |
| Scroll of Town Portal | 5 | |
| Orb of Fire | 2 | |
| Scroll of Healing | 2 | |
24 total
team 2 (winner)
mayoark (
orange | 47 APM | 1721 actions | 36:18)
4 Paladin
1 Holy Light
2 Divine Shield
1 Devotion Aura
1 Blademaster
1 Mirror Image
» actions
| Assign group hotkey | 40 | |
| Basic commands | 210 | |
| Build / train | 92 | |
| Enter build submenu | 46 | |
| Enter hero's abilities submenu | 5 | |
| Right click | 419 | |
| Select / deselect | 480 | |
| Select group hotkey | 310 | |
| Use ability | 119 | |
1721 total
» units
| Peasant | 14 | |
| Footman | 2 | |
| Rifleman | 12 | |
| Mortar Team | 5 | |
| Raider | 3 | |
| Siege Engine | 8 | |
| Troll Witch Doctor | 5 | |
49 total
» upgrades
| Gunpowder | 1 | |
| Armor | 1 | |
| Barrage | 1 | |
| Witch Doctor Training | 3 | |
6 total
» buildings
| Farm | 11 | |
| Barracks | 1 | |
| Altar of Kings | 1 | |
| Blacksmith | 1 | |
| Scout Tower | 18 | |
| Lumber Mill | 1 | |
| Arcane Tower | 7 | |
| Arcane Vault | 1 | |
| Town Hall | 1 | |
| Keep | 2 | |
| Guard Tower | 5 | |
| Workshop | 2 | |
| Castle | 1 | |
| Cannon Tower | 3 | |
| Spirit Lodge | 2 | |
| Orc Burrow | 3 | |
| Great Hall | 1 | |
61 total
» build order
00:17 Farm
00:20 Barracks
00:44 Altar of Kings
01:07 Farm
02:00 Blacksmith
02:13 Farm
02:33 Scout Tower
02:58 Lumber Mill
03:04 Scout Tower
03:06 Arcane Tower
03:37 Arcane Vault
03:55 Arcane Tower
04:44 Farm
05:36 Farm
06:52 Town Hall
08:38 Keep
08:38 Keep
10:07 Scout Tower
10:39 Scout Tower
10:40 Guard Tower
11:10 Workshop
12:05 Guard Tower
12:22 Scout Tower
13:01 Workshop
13:25 Farm
13:27 Guard Tower
14:11 Farm
14:36 Scout Tower
15:20 Guard Tower
15:33 Castle
16:26 Farm
16:29 Farm
17:30 Scout Tower
17:48 Scout Tower
18:08 Scout Tower
18:15 Scout Tower
18:56 Cannon Tower
19:20 Cannon Tower
19:57 Spirit Lodge
20:02 Spirit Lodge
20:09 Cannon Tower
20:26 Scout Tower
20:29 Scout Tower
20:51 Guard Tower
21:00 Scout Tower
21:02 Scout Tower
21:11 Arcane Tower
21:13 Arcane Tower
22:24 Scout Tower
22:26 Scout Tower
22:31 Arcane Tower
22:56 Orc Burrow
23:10 Arcane Tower
23:36 Scout Tower
24:59 Arcane Tower
26:57 Farm
27:00 Farm
29:47 Orc Burrow
34:36 Scout Tower
34:47 Great Hall
34:50 Orc Burrow
» items
| Lesser Clarity Potion | 4 | |
| Scroll of Regeneration | 3 | |
| Scroll of Town Portal | 3 | |
| Ivory Tower | 2 | |
| Potion of Mana | 1 | |
13 total
Skullfvcker (
yellow | 61 APM | 2663 actions | 43:33)
6 Archmage
3 Summon Water Elemental
2 Brilliance Aura
1 Mass Teleport
» actions
| Assign group hotkey | 84 | |
| Basic commands | 177 | |
| Build / train | 177 | |
| ESC pressed | 5 | |
| Enter build submenu | 60 | |
| Enter hero's abilities submenu | 6 | |
| Give item / drop item | 5 | |
| Right click | 873 | |
| Select / deselect | 338 | |
| Select group hotkey | 574 | |
| Use ability | 364 | |
2663 total
» units
| Peasant | 20 | |
| Footman | 10 | |
| Gryphon Rider | 8 | |
| Peon | 5 | |
| Dragonhawk Rider | 2 | |
45 total
» upgrades
| Masonry | 4 | |
| Lumber Harvesting | 1 | |
| Swords | 3 | |
| Armor | 3 | |
| Storm Hammers | 1 | |
| Cloud | 1 | |
| Animal War Training | 1 | |
| Spiked Barricades | 3 | |
17 total
» buildings
| Altar of Kings | 1 | |
| Barracks | 1 | |
| Farm | 12 | |
| Lumber Mill | 1 | |
| Arcane Vault | 1 | |
| Town Hall | 2 | |
| Scout Tower | 28 | |
| Guard Tower | 47 | |
| Keep | 4 | |
| Blacksmith | 1 | |
| Castle | 3 | |
| Gryphon Aviary | 2 | |
| Watch Tower | 8 | |
111 total
» build order
00:51 Altar of Kings
00:55 Barracks
00:57 Farm
01:08 Farm
01:36 Farm
01:57 Farm
02:23 Farm
02:28 Lumber Mill
03:02 Arcane Vault
04:26 Town Hall
04:29 Scout Tower
04:31 Scout Tower
04:35 Scout Tower
04:36 Scout Tower
05:41 Guard Tower
05:43 Guard Tower
06:04 Keep
06:49 Scout Tower
06:50 Scout Tower
06:51 Scout Tower
07:31 Guard Tower
07:31 Guard Tower
07:34 Blacksmith
08:02 Scout Tower
08:04 Scout Tower
08:07 Guard Tower
08:07 Guard Tower
08:38 Castle
08:39 Castle
09:47 Guard Tower
10:44 Gryphon Aviary
10:46 Gryphon Aviary
16:21 Town Hall
16:23 Scout Tower
16:24 Scout Tower
16:25 Scout Tower
16:44 Scout Tower
16:44 Scout Tower
16:46 Scout Tower
16:48 Scout Tower
16:53 Guard Tower
16:53 Guard Tower
16:53 Guard Tower
16:54 Guard Tower
16:54 Guard Tower
17:24 Guard Tower
17:24 Guard Tower
17:24 Guard Tower
17:32 Scout Tower
17:34 Scout Tower
17:36 Scout Tower
17:49 Guard Tower
17:49 Guard Tower
17:50 Guard Tower
18:29 Watch Tower
18:30 Watch Tower
18:33 Watch Tower
18:33 Watch Tower
18:57 Guard Tower
18:57 Guard Tower
18:58 Guard Tower
20:22 Scout Tower
20:27 Scout Tower
20:27 Scout Tower
20:46 Watch Tower
20:47 Watch Tower
20:48 Watch Tower
20:54 Watch Tower
21:03 Scout Tower
21:04 Scout Tower
21:08 Keep
21:10 Guard Tower
21:10 Guard Tower
21:15 Guard Tower
21:15 Guard Tower
21:15 Guard Tower
21:16 Guard Tower
21:16 Guard Tower
21:16 Guard Tower
22:56 Guard Tower
22:56 Guard Tower
23:15 Farm
23:21 Farm
23:22 Farm
23:26 Scout Tower
23:28 Scout Tower
23:57 Farm
24:00 Farm
24:01 Farm
24:03 Farm
24:07 Scout Tower
24:08 Scout Tower
24:25 Guard Tower
24:25 Guard Tower
25:44 Guard Tower
25:44 Guard Tower
25:44 Guard Tower
» items
| Scroll of Regeneration | 4 | |
| Mechanical Critter | 9 | |
| Periapt of Vitality | 4 | |
| Staff of Teleportation | 1 | |
| Scroll of Town Portal | 2 | |
20 total

»
651684313219687 (
green | 162 APM | 2532 actions | 15:36)
3 Blademaster
2 Wind Walk
1 Critical Strike
2 Tauren Chieftain
1 Shockwave
1 Endurance Aura
» actions
| Assign group hotkey | 13 | |
| Basic commands | 98 | |
| Build / train | 61 | |
| Enter build submenu | 28 | |
| Enter hero's abilities submenu | 5 | |
| Give item / drop item | 2 | |
| Right click | 1027 | |
| Select / deselect | 700 | |
| Select group hotkey | 515 | |
| Use ability | 83 | |
2532 total
» units
» upgrades
| Pillage | 1 | |
| Melee Weapons | 2 | |
| Ensnare | 1 | |
| Armor | 2 | |
| Reinforced Defenses | 1 | |
7 total
» buildings
| Altar of Storms | 1 | |
| Orc Burrow | 7 | |
| Barracks | 1 | |
| Voodoo Lounge | 3 | |
| Stronghold | 2 | |
| Great Hall | 1 | |
| War Mill | 2 | |
| Beastiary | 2 | |
| Watch Tower | 9 | |
| Fortress | 3 | |
31 total
» build order
00:11 Altar of Storms
00:23 Orc Burrow
00:38 Barracks
01:33 Orc Burrow
01:54 Voodoo Lounge
01:57 Voodoo Lounge
03:15 Stronghold
03:16 Stronghold
03:51 Orc Burrow
04:37 Great Hall
04:55 War Mill
05:57 Beastiary
06:12 Watch Tower
06:21 Beastiary
07:37 Orc Burrow
07:47 Watch Tower
07:53 Watch Tower
08:26 Watch Tower
09:09 Voodoo Lounge
09:11 Watch Tower
09:31 Fortress
09:31 Fortress
09:59 Orc Burrow
11:11 Orc Burrow
11:13 War Mill
12:42 Orc Burrow
13:33 Watch Tower
13:34 Watch Tower
13:35 Watch Tower
14:21 Watch Tower
» items
| Healing Salve | 4 | |
| Orb of Lightning | 1 | |
| Scroll of Town Portal | 2 | |
7 total
podbot (
purple | 89 APM | 1401 actions | 15:42)
3 Archmage
1 Summon Water Elemental
1 Brilliance Aura
1 Blizzard
1 Mountain King
1 Storm Bolt
» actions
| Assign group hotkey | 23 | |
| Basic commands | 4 | |
| Build / train | 70 | |
| Enter build submenu | 20 | |
| Enter hero's abilities submenu | 4 | |
| Remove unit from queue | 3 | |
| Right click | 866 | |
| Select / deselect | 270 | |
| Select group hotkey | 96 | |
| Use ability | 45 | |
1401 total
» units
| Peasant | 37 | |
| Footman | 6 | |
| Gryphon Rider | 3 | |
| Dragonhawk Rider | 1 | |
47 total
» upgrades
» buildings
| Barracks | 1 | |
| Farm | 8 | |
| Altar of Kings | 2 | |
| Arcane Vault | 1 | |
| Keep | 1 | |
| Town Hall | 1 | |
| Castle | 1 | |
| Lumber Mill | 1 | |
| Gryphon Aviary | 2 | |
| Blacksmith | 1 | |
| Workshop | 1 | |
| Arcane Tower | 1 | |
| Guard Tower | 2 | |
23 total
» build order
00:16 Barracks
00:20 Farm
00:25 Altar of Kings
00:58 Farm
01:42 Farm
03:46 Arcane Vault
03:57 Keep
04:31 Town Hall
05:21 Farm
05:22 Farm
05:24 Farm
05:27 Farm
06:47 Castle
07:09 Lumber Mill
08:01 Gryphon Aviary
08:03 Gryphon Aviary
09:24 Blacksmith
13:19 Altar of Kings
14:34 Workshop
15:10 Arcane Tower
15:11 Guard Tower
15:16 Guard Tower
15:23 Farm
» items
| Healing Salve | 1 | |
| Potion of Healing | 1 | |
| Scroll of Town Portal | 2 | |
| Ivory Tower | 3 | |
7 total
Chat log
(00:29 / All) SlaveTrader: I have come here to kick ass and chew bubble gum
(00:32 / All) SlaveTrader: and I'm all out of gum
(00:51 / Allies) mayoark: yo
(00:57 / Allies) 651684313219687: gurt
(01:00 / All) Skullfvcker: peasants are left handed
(01:03 / Allies) Skullfvcker: I never noticed that before
(01:10 / Allies) mayoark: no. way.
(01:13 / All) Skullfvcker: Never noticed that before
(01:17 / All) SlaveTrader: peons are right handed
(01:19 / All) AholeKiller: that is completely wrong
(01:21 / All) Skullfvcker: the peasants are lefties just like in real life
(01:22 / Allies) mayoark: crazy, nieither had i
(01:25 / Allies) 651684313219687: peons are right-handed
(02:21 / Allies) mayoark: whats hte plan
(02:31 / Allies) Skullfvcker: totally man
(02:32 / Allies) Skullfvcker: yeah
(04:16 / All) Skullfvcker: lag
(04:22 / All) Skullfvcker: there a lagahcker about?
(04:33 / All) Skullfvcker: stop pressing f6
(06:22 / Allies) Skullfvcker: you're surrounding me
(06:25 / Allies) Skullfvcker: move your shit
(06:48 / Allies) mayoark: do that again yellow
(07:05 / Allies) Skullfvcker: not my fault your dumbass surrounded my hero
(09:22 / Allies) 651684313219687: lumber please
(09:32 / Allies) 651684313219687: ty
(11:14 / All) Skullfvcker: brb one sec to piss
(13:49 / All) Skullfvcker: back
(14:02 / All) Skullfvcker: what'd I miss
(14:13 / All) Skullfvcker: not much it looks like
(15:28 / All) SlaveTrader: MORTARS
(15:33 / All) 651684313219687: gg
(15:35 / All) 651684313219687: fucking idiot team
(15:39 / All) Skullfvcker: I have a noob team
(15:43 / All) Skullfvcker: full of noob quitters like green
(15:47 / All) Skullfvcker: and purple
(15:49 / All) Skullfvcker: hopefully orange isn't a quitter
(16:09 / All) SlaveTrader: klawl
(16:28 / All) Skullfvcker: fuck I have no wood
(17:03 / All) SlaveTrader: jerk
(18:16 / All) SlaveTrader: almost level 6
(18:19 / All) SlaveTrader: what is next closest hero
(18:46 / All) Skullfvcker: I fucking clicked that tp
(18:49 / All) Skullfvcker: fucking gay ass built in latency
(23:31 / All) BILLOFRIGHTS.: red tking himself
(23:36 / All) BILLOFRIGHTS.: this is what u get faggot teal
(23:36 / All) Skullfvcker: LOL
(23:38 / All) BILLOFRIGHTS.: for taking my expo
(23:40 / All) SlaveTrader: lol
(23:46 / All) SlaveTrader: lumber hoarding scumbag and a pussy!
(24:34 / All) SlaveTrader: wow I'm getting creamed by all sides
(26:14 / Allies) mayoark: gold?
(26:19 / All) BILLOFRIGHTS.: just quit teal lol
(26:20 / All) BILLOFRIGHTS.: u lost
(26:21 / All) BILLOFRIGHTS.: faggot
(26:40 / Allies) mayoark: yellow gold pls
(27:48 / All) BILLOFRIGHTS.: out teal
(27:49 / All) BILLOFRIGHTS.: u faggot
(27:50 / All) BILLOFRIGHTS.: out
(28:01 / All) SlaveTrader: sdafjkflds
(28:03 / All) SlaveTrader: kill off ornage
(28:10 / All) Skullfvcker: OMW
(28:11 / All) SlaveTrader: I can't fight him
(28:19 / All) Skullfvcker: TIME TO DIE, ORANGE!
(28:46 / All) SlaveTrader: kill his hall
(29:23 / All) BILLOFRIGHTS.: teal gona lose lol
(30:09 / Allies) Skullfvcker: TIME TO DIE!
(30:16 / All) Skullfvcker: Orange is a robot
(30:18 / All) Skullfvcker: doesn't say anything
(30:20 / All) Skullfvcker: just makes tanks
(30:23 / All) BILLOFRIGHTS.: 100% if the tables were turned, teal and red would be talking shit
(31:44 / All) BILLOFRIGHTS.: nice tp lol
(31:45 / All) BILLOFRIGHTS.: cunt
(31:50 / All) BILLOFRIGHTS.: teal isnt evne a threat
(31:56 / All) BILLOFRIGHTS.: no gold fo teal
(32:09 / All) BILLOFRIGHTS.: u shouldnt have tked ur hall red
(32:13 / All) BILLOFRIGHTS.: u and teal could apulled this out
(32:31 / All) BILLOFRIGHTS.: red claims he has 4 thousand dollars
(34:20 / All) SlaveTrader: WYVERNS ARE IN FACT STRONG
(34:47 / Allies) Skullfvcker: bad boy
(34:51 / All) BILLOFRIGHTS.: let them niggas do the dirty work ya mean
(34:54 / All) Skullfvcker: free shit
(35:13 / All) BILLOFRIGHTS.: see red and teal
(35:14 / All) BILLOFRIGHTS.: we won
(35:20 / All) BILLOFRIGHTS.: notice how i said we and not u
(36:19 / All) BILLOFRIGHTS.: i know for a fact teal and red are seething
(36:24 / All) BILLOFRIGHTS.: u dont try that hard and just go afk
(36:40 / All) BILLOFRIGHTS.: ill watch replay and re-confirm my suspicions- they arent afk
(37:19 / All) SlaveTrader: orange was a gook
(39:46 / All) BILLOFRIGHTS.: next time teal, when an ally calls an expo
(39:48 / All) BILLOFRIGHTS.: u give it to them
(39:57 / All) BILLOFRIGHTS.: or else u get raped like you just witnessed yourself
(40:07 / All) BILLOFRIGHTS.: this is called payback
(41:27 / All) SlaveTrader: aye
(41:53 / All) BILLOFRIGHTS.: blue i have a question
(42:13 / All) BILLOFRIGHTS.: if the tables were turned and teal/red won our fight, would the two of them be talking crap to us right now